 Dungeon Crawl Stone Soup version 0.24-a0-613-g1ff6aac338 (webtiles) character file.

Game seed: 5069877570778934728, levelgen mode: deterministic

73 Jorund the Vexing (level 4, 8/48 HPs)
             Began as a Formicid Arcane Marksman on Sept 11, 2019.
             Quit the game on level 3 of the Dungeon.
             The game lasted 00:03:38 (1057 turns).

Jorund the Vexing (Formicid Arcane Marksman)        Turns: 1057, Time: 00:03:39

Health: 8/48       AC: 22    Str: 14    XL:     4   Next: 51%
Magic:  6/6        EV:  2    Int: 14    God:
Gold:   80         SH:  3    Dex: 11    Spells: 5/6 levels left

rFire    . . .     SeeInvis .   d - +0 club
rCold    . . .     Gourm    .   m - +0 buckler
rNeg     + + +     Faith    .   (armour currently unavailable)
rPois    +         Spirit   .   (helmet unavailable)
rElec    .         Reflect  .   (cloak currently unavailable)
rCorr    .         Harm     .   (gloves currently unavailable)
MR       .....                  (boots currently unavailable)
Stlth    +.........             c - amulet of regeneration
HPRegen  0.56/turn              (no ring)
MPRegen  0.10/turn              (no ring)

@: lethally poisoned (8 -> -4), tree-form
A: permanent stasis, dig shafts and tunnels, four strong arms
a: no special abilities


You were on level 3 of the Dungeon.
You were not hungry.
You were a tree.
You visited 1 branch of the dungeon, and saw 3 of its levels.

You collected 80 gold pieces.

Inventory:

Hand Weapons
 a - a +0 hand crossbow
 d - a +0 club (weapon)
Armour
 e - a +0 robe (melded)
 m - a +0 buckler (worn)
Jewellery
 c - an amulet of regeneration (around neck)
Scrolls
 g - a scroll of teleportation {unknown}
Comestibles
 f - 3 rations


   Skills:
 - Level 1.1 Fighting
 + Level 3.4 Crossbows
 - Level 1.7 Dodging
 + Level 1.5 Spellcasting
 + Level 4.7 Hexes


You had 5 spell levels left.
You knew the following spells:

 Your Spells              Type           Power        Failure   Level  Hunger
a - Corona                Hex            ##.....      6%          1    ##.....

Your spell library contained the following spells:

 Spells                   Type           Power        Failure   Level  Hunger
 Slow                     Hex            ##......     9%          2    ###....
 Inner Flame              Hex/Fire       #.......     43%         3    ####...
 Portal Projectile        Hex/Tloc       #.....       43%         3    ####...
 Cause Fear               Hex            ##........   50%         4    #####..
 Leda's Liquefaction      Hex/Erth       #.........   83%         4    #####..


Dungeon Overview and Level Annotations

Branches:
Dungeon (2/15)

Altars:


Innate Abilities, Weirdness & Mutations

You cannot be hasted, slowed, berserked, paralysed or teleported.
You can dig through walls and to a lower floor.
Your four strong arms can wield two-handed weapons with a shield.
((You have a pair of large antennae on your head. (SInv)))


Message History

Press: ? - help, Shift-Dir - straight line, f/p - kobold
Aim: a kobold, wielding a +0 short sword
Okay, then.
Firing (i - inventory) No suitable missiles.
Press: ? - help, Shift-Dir - straight line, f/p - kobold
Aim: a kobold, wielding a +0 short sword
Okay, then.
Wield which item (- for none, * to show all)? (? for menu, Esc to quit)
Okay, then.
Wield which item (- for none, * to show all)? (? for menu, Esc to quit)
d - a +0 club (weapon)
You feel sick.
You feel sick.
The kobold throws a poisoned dart.
The poisoned dart hits you!
You are more poisoned.
* * * LOW HITPOINT WARNING * * *
You feel sick.
The kobold throws a poisoned dart.
The poisoned dart hits you!
You are lethally poisoned!
* * * LOW HITPOINT WARNING * * *
You feel sick.
Are you sure you want to abandon this character and quit the game? (Confirm with "yes".)

## .. ##. ## #..
###. .K####
...#.....
##....####..
#.h.#......#
h.....#h♣.......
h...# #..#####..
... #..# . ..##
...# ..#..
.....# ....$.


You could see 2 jackals and a kobold.

Vanquished Creatures
  2 gnolls (D:2)
  2 oozes (D:1)
  2 dart slugs (D:1)
  A giant cockroach (D:1)
  4 goblins (D:1)
  7 hobgoblins (D:1)
  6 jackals (D:1)
  2 kobolds (D:1)
  2 bats (D:1)
  3 frilled lizards (D:1)
  10 rats (D:1)
41 creatures vanquished.

Notes
Turn   | Place    | Note
-------+----------+-------------------------------------------
     0 | D:1      | Jorund the Formicid Arcane Marksman began the quest for the
                  | Orb.
     0 | D:1      | Reached XP level 1. HP: 15/15 MP: 2/2
    29 | D:1      | Reached skill level 4 in Hexes
    29 | D:1      | Reached XP level 2. HP: 21/21 MP: 1/3
   302 | D:1      | Reached XP level 3. HP: 26/26 MP: 4/4
   741 | D:1      | Reached XP level 4. HP: 32/32 MP: 6/6
  1050 | D:2      | You fall into a shaft and drop 1 floor!
  1057 | D:3      | Quit the game

Levels and vault maps discovered:
D:1:      dpeg_arrival_round_a, layout_basic, minmay_rat_gold_closets
D:2:      minmay_wonky_spiral, layout_basic, first_ration,
          chequers_ecumenical_altar_grove
D:3:      layout_rooms, nicolae_overflow_hidden_temple, uniq_ijyb

Skill      XL: |  1  2  3 |
---------------+----------+-----
Hexes          | 4 |  4.7
Crossbows      | 3 |  3.4
Fighting       | |  1.1
Dodging        | |  1.7
Spellcasting   | |  1.5

Action                   |  1- 3 |  4- 6 || total
-------------------------+-------+-------++-------
Melee: Club              |    73 |    10 ||    83
 Fire: Hand crossbow     |    46 |    11 ||    57
 Cast: Corona            |     5 |       ||     5
 Abil: Dig               |       |     1 ||     1
       Shaft Self        |       |     1 ||     1
  Use: Scroll            |       |     6 ||     6
       Potion            |       |     1 ||     1
  Eat: Chunk             |       |     1 ||     1
Armor: Robe              |    24 |       ||    24
Dodge: Dodged            |    74 |     9 ||    83
Block: Buckler           |     4 |     3 ||     7

Table legend:
 A = Non-vault XP
 B = Vault XP
 C = Vault XP percentage of total XP
 D = Non-vault monster count
 E = Vault monster count
 F = Vault count percentage of total count
                 A         B        C        D         E       F
            +---------+---------+-------+---------+---------+-------
      Total |      99 |       6 |   5.7 |      35 |       6 |  14.6
            +---------+---------+-------+---------+---------+-------
        D:1 |      70 |       6 |   7.9 |      33 |       6 |  15.4
        D:2 |      29 |       0 |   0.0 |       2 |       0 |   0.0
            +---------+---------+-------+---------+---------+-------
